 Dungeon Crawl Stone Soup version 0.31-a0-655-gf2d5465dac (webtiles) character file.

Game seed: 7973612789658887684

920 Essalna the Conjurer (level 7, 63/63 HPs)
             Began as a Yellow Draconian Conjurer on Aug 30, 2023.
             Got out of the dungeon alive.
             The game lasted 00:10:16 (4974 turns).

Essalna the Conjurer (Yellow Draconian Conjurer)    Turns: 4974, Time: 00:10:16

Health: 63/63      AC:  6    Str: 15    XL:     7   Next: 83%
Magic:  22/22      EV: 12    Int: 21    God:
Gold:   372        SH:  0    Dex:  9    Spells: 11/14 levels left

rFire   . . .        e - +4 short sword
rCold   . . .        (no shield)
rNeg    . . .        (body armour unavailable)
rPois   .            (helmet restricted)
rElec   .            (no cloak)
rCorr   +            (no gloves)
SInv    .            (no boots)
Will    .....        t - amulet of regeneration
Stlth   ++           g - ring of magical power
HPRegen 1.10/turn    y - +6 ring of strength
MPRegen 0.18/turn

%: no passive effects
@: weak-willed
A: spit acid, AC +6, unfitting armour, cold-blooded, acid resistance
a: Breathe Acid


You escaped.
You visited 1 branch of the dungeon, and saw 5 of its levels.
You also visited: Sewer.

You collected 372 gold pieces.

Inventory:

Hand Weapons
 e - a +4 short sword (weapon)
Jewellery
 g - a ring of magical power (left hand)
 m - an amulet of the acrobat
 t - an amulet of regeneration (around neck)
 y - a +6 ring of strength (right hand)
 B - a ring of see invisible
Wands
 x - a wand of quicksilver (9)
Scrolls
 d - 9 scrolls of identify
 f - 2 scrolls of amnesia
 o - a scroll of fog
 r - 2 scrolls of vulnerability
 z - a scroll of fear
Potions
 a - 2 potions of magic
 c - 2 potions of resistance {unknown}
 h - a potion of cancellation
 i - a potion of enlightenment {unknown}
 j - a potion of might {unknown}
 k - 2 potions of curing {unknown}
 l - 2 potions of mutation {unknown}
 n - a potion of degeneration {unknown}
 p - 2 potions of haste {unknown}
 q - a potion of heal wounds {unknown}
 v - 2 potions of brilliance {unknown}
 A - a potion of berserk rage {unknown}


   Skills:
 + Level 6.2 Fighting
 - Level 1.7 Dodging
 - Level 1.7 Stealth
 - Level 4.0 Spellcasting
 + Level 6.9 Conjurations


You had 11 spell levels left.
You knew the following spells:

 Your Spells              Type           Power      Damage    Failure   Level
a - Magic Dart            Conj           100%       1d8       1%          1
b - Searing Ray           Conj           66%        2d6       1%          2

Your spell library contained the following spells:

 Spells                   Type           Power      Damage    Failure   Level
 Dazzling Flash           Conj/Hex       36%        N/A       9%          3
 Iskenderun's Battlesphe  Conj           33%        2d9       19%         5
 Fulminant Prism          Conj/Hex       9%         3d6       28%         4
 Iskenderun's Mystic Bla  Conj/Tloc      18%        2d6       28%         4
 Fireball                 Conj/Fire      9%         3d6       63%         5
 Conjure Ball Lightning   Conj/Air       9%         3x3d6     99%         6
 Orb of Destruction       Conj           16%        9d7       99%         7


Dungeon Overview and Level Annotations

Branches:
Dungeon (5/15)              Sewer (visited)
 Temple: D:4-7

Altars:
Hepliaklqana
Makhleb
Nemelex Xobeh

Shops:
D:5 (


Innate Abilities, Weirdness & Mutations

You can spit globs of acid.
Your golden yellow scales are hard. (AC +6)
You cannot fit into any form of body armour.
You are cold-blooded and may be slowed by cold attacks.
You are resistant to acid. (rCorr)


Message History

There is a stone staircase leading up here.
You climb upwards.
There is a stone staircase leading down here.
There is a stone staircase leading up here.
You climb upwards.
There is a stone staircase leading down here.
There is a stone staircase leading up here.
You climb upwards.
There is a stone staircase leading down here.
You see here a +0 club.
There is a stone staircase leading up here.
You climb upwards.
There is a stone staircase leading down here.
There is an open door here.
There is a staircase leading out of the dungeon here.
As you read the scroll labelled IMPITE NUHULO, it crumbles to dust.
You hear the flapping of tiny wings.
It was a scroll of butterflies.
As you read the scroll labelled TAUL FANTOTHRI, it crumbles to dust.
Magic quickly surges around you.
It was a scroll of vulnerability.
As you read the scroll labelled MUDECK MISMA, it crumbles to dust.
You feel strangely unstable.
It was a scroll of teleportation.
As you read the scroll labelled HIONANT ZIXTI, it crumbles to dust.
You feel momentarily disoriented.
It was a scroll of revelation.
Blink to where?
Press: ? - help, Dir - move target
As you read the scroll labelled MEPNUC KOFEIM, it crumbles to dust.
It was a scroll of blinking.
Your surroundings suddenly seem different.
There is an open door here.
You swap places.
You swap places.
Your butterfly disappears in a burst of colours!
There is an open door here.
You swap places.
You enter the shallow water.
Moving in this stuff is going to be slow.
You swap places.
Your butterfly disappears in a burst of colours! x2
Your butterfly disappears in a burst of colours! x2
There is a staircase leading out of the dungeon here.
You have escaped!

....##.#..##'#####.####
....##.#..#≈..♣♣♣#.####
....##.#..#~...♣♣#.####
....##.#..#≈...<♣#.####
....##.#.b#≈....♣#.####
....##.#..#~≈.P.♣#.####
....##....#≈≈≈...#.####
....####bb#.~~~..'.####
....# ##.b#.~Pb.@######
....###...'P~P~~.######
....'...#.#.~PP~~######
....#####.#.~~PP~####
###.#####.#..~PP~#
...>[.....#..~≈~≈#
########.##...≈~≈# ##
#.##♣...~≈# ## #.#
♣...~≈#


There were no monsters in sight!

Vanquished Creatures
  Eustachio (D:5)
  A water moccasin (D:5)
  A phantom (D:5)
  2 kobold brigands (Sewer)
  2 scorpions (D:4)
  2 hounds
  2 orc priests (D:4)
  An iguana (D:5)
  2 orc wizards
  5 adders
  2 worms
  2 dart slugs
  8 orcs
  6 endoplasms
  8 giant cockroaches
  6 goblins
  8 hobgoblins
  4 quokkas
  6 ball pythons
  6 bats
  3 frilled lizards
  21 kobolds
  5 rats
104 creatures vanquished.

Notes
Turn   | Place    | Note
-------+----------+-------------------------------------------
     0 | D:1      | Essalna the Draconian Conjurer began the quest for the Orb.
     0 | D:1      | Reached XP level 1. HP: 14/14 MP: 3/3
   237 | D:1      | Reached skill level 1 in Fighting
   237 | D:1      | Reached XP level 2. HP: 23/23 MP: 1/5
   933 | D:2      | Found a faded altar of an unknown god.
  1338 | D:2      | Reached XP level 3. HP: 28/28 MP: 6/6
  1734 | D:3      | Found a glowing drain.
  1738 | Sewer    | Entered a sewer
  1773 | Sewer    | Learned a level 2 spell: Searing Ray
  1977 | Sewer    | Noticed a kobold brigand
  1981 | Sewer    | Killed a kobold brigand
  1982 | Sewer    | Reached XP level 4. HP: 37/37 MP: 8/8
  2140 | Sewer    | Noticed a kobold brigand
  2145 | Sewer    | Killed a kobold brigand
  2146 | Sewer    | Reached skill level 5 in Conjurations
  2146 | Sewer    | Reached XP level 5. HP: 44/45 MP: 10/10
  2427 | D:3      | Found a sparkling altar of Nemelex Xobeh.
  2758 | D:3      | Reached XP level 6. HP: 47/52 MP: 11/11
  3654 | D:4      | Your scales start taking on a golden yellow colour.
  3654 | D:4      | Reached XP level 7. HP: 58/60 MP: 13/13
  3654 | D:4      | Gained mutation: You are resistant to acid. (rCorr) [Yellow
                  | Draconian growth]
  3875 | D:4      | Reached skill level 5 in Fighting
  4016 | D:5      | Entered Level 5 of the Dungeon
  4019 | D:5      | Found Uddey's Hydra Hut.
  4021 | D:5      | Noticed a five-headed hydra
  4300 | D:5      | Found a burning altar of Makhleb.
  4479 | D:5      | Noticed Eustachio
  4489 | D:5      | Killed Eustachio
  4594 | D:5      | Found a hazy altar of Hepliaklqana.
  4974 | D:$      | Got out of the dungeon alive.

Illustrated notes

Levels and vault maps discovered:
D:1:      tarquinn_simple_flora_water_c, layout_basic
D:2:      layout_loops_ring, hellmonk_ecumenical_altar_crossroads
D:3:      layout_basic, lemuel_doored_altar, gup_sewer_entry_bowl,
          chequers_serial_rivers_small_3
D:4:      layout_loops_cross
D:5:      layout_loops_cross, nicolae_hepliaklqana_hazy_memory,
          mainiacjoe_overflow_chevrons, doesnt_shop_hydraphobe, uniq_eustachio

Skill      XL: |  1  2  3  4  5  6  7 |
---------------+----------------------+-----
Fighting       | 1 2 3 4 6 |  6.2
Spellcasting   | 3 4 |  4.0
Conjurations   | 5 6 |  6.9
Dodging        | |  1.7
Stealth        | |  1.7

Action                     |  1- 3 |  4- 6 |  7- 9 || total
---------------------------+-------+-------+-------++-------
  Melee: Unarmed           |    32 |       |       ||    32
         Tailslap          |     5 |     2 |     3 ||    10
         Short sword       |    57 |    48 |    30 ||   135
         Punch             |     1 |       |       ||     1
   Cast: Magic Dart        |    47 |    99 |    18 ||   164
         Searing Ray       |     1 |     3 |     5 ||     9
    Use: Scroll            |     5 |       |     5 ||    10
   Stab: Sleeping          |     2 |       |       ||     2
 Armour: Skin              |    35 |    20 |     7 ||    62
  Dodge: Dodged            |    76 |    36 |    15 ||   127

Table legend: (Time is in decaauts)
 A = Elapsed time spent in this place.
 B = Non-inter-level travel time spent in this place.
 C = Inter-level travel time spent in this place.
 D = Time resting spent in this place.
 E = Time spent auto-exploring this place.
 F = Levels seen in this place.
 G = Mean time per level.
                   A        B        C        D        E       F      G
               +--------+--------+--------+--------+--------+-----+--------+
         Total |   5010 |   4735 |    275 |     50 |   3988 |   6 |  835.0 |
       Dungeon |   4488 |   4213 |    275 |     50 |   3601 |   5 |  897.6 |
         Sewer |    522 |    522 |      0 |      0 |    387 |   1 |  522.0 |
               +--------+--------+--------+--------+--------+-----+--------+

Top non-repeatable levels by time:
     D:4: 984 daAuts
     D:1: 979 daAuts
     D:3: 908 daAuts
     D:5: 837 daAuts
     D:2: 779 daAuts
   Sewer: 522 daAuts
